AoeStats
← mryendl2410

Baltic

510325750Analyzed
4v4 RM · 16h ago on Sep 30, 2026· 15m 33s· 8 players
Game mode
Random Map
Map size
Large (8 player)
Population
200
Speed
Normal
Resources
Standard
Victory
Conquest
Starting age
Dark Age
Ending age
Imperial Age
RankedLock teamsTeams togetherTeam positionsShared explorationLock speedFull tech treeHidden civsTurbo modeCheats
Victory
Defeat
🇦🇷 Malay · Argentina
1316
+13
🇧🇪 Koreans · Belgium
1277
+15
🇧🇪 Varangians · Belgium
1268
+15
🇹🇷 Dravidians · Türkiye
1240
+18
🇵🇱 Saxons · Poland
1305
-17
🇻🇳 Japanese · Vietnam
1303
-17
🇻🇳 Persians · Vietnam
1283
-16
🇦🇺 Varangians · Australia
1140
-11
NEH
8:31 Loom
10:24 Feudal Age
12:05 Double-Bit Axe
15:56 Town Watch
chakar
10:54 Feudal Age
15:33 Castle Age
13:41 Horse Collar
14:39 Double-Bit Axe
carton corrugado
7:43 Loom
10:03 Feudal Age
10:41 Feudal Age
10:25 Double-Bit Axe
14:02 Fletching
15:05 Horse Collar
ZAGOR
3:20 Loom
12:08 Feudal Age
13:48 Town Watch
18:07 Castle Age
Wiđukind von Westfal
5:05 Loom
11:12 Feudal Age
15:34 Castle Age
13:33 Double-Bit Axe
ufokinw0tm8
3:45 Loom
12:52 Feudal Age
13:20 Fishing Lines
mryendl2410
4:53 Loom
11:28 Feudal Age
15:33 Castle Age
14:20 Double-Bit Axe
14:16 Horse Collar
14:26 Gold Mining
piecardinap
9:40 Loom
11:45 Feudal Age
12:28 Double-Bit Axe
12:24 Horse Collar
Connection lost

Rejoining the realm…

Still unreachable

The connection could not be restored.

Session expired

The server has moved on; the page needs a fresh start.